 Dungeon Crawl Stone Soup version 0.31-a0-983-g7b6862f502 (webtiles) character file.

Game seed: 5944941210611087662

130 timneilson the Ruffian (level 5, -2/34 HPs)
             Began as an Octopode Shapeshifter on Nov 3, 2023.
             Killed from afar by an orc wizard (6 damage)
             ... with a magic dart
             ... on level 3 of the Dungeon.
             The game lasted 00:03:13 (2280 turns).

timneilson the Ruffian (Octopode Shapeshifter)      Turns: 2280, Time: 00:03:14

Health: -2/34      AC:  1    Str: 16    XL:     5   Next: 14%
Magic:  6/6        EV: 13    Int: 12    God:
Gold:   115        SH:  0    Dex: 11    Spells: 5/5 levels left

rFire   . .          .
                       - Unarmed
rCold   . . .        (no shield)
rNeg    . . .        (helmet currently unavailable)
rPois   .            (no amulet)
rElec   .            m - ring of wizardry
rCorr   .            (no ring)
SInv    .            (no ring)
Will    .....        (no ring)
Stlth   +++          (no ring)
HPRegen 0.25/turn    (no ring)
MPRegen 0.10/turn    (no ring)
                     (no ring)

%: wizardry (x1)
@: beast-form
A: beast (slay +1), almost no armour, amphibious, 8 rings, camouflage 1,
gelatinous body 1, (nimble swimmer 1), tentacles
a: Begin Untransformation


You were on level 3 of the Dungeon.
You were a hulking beast.
You visited 1 branch of the dungeon, and saw 3 of its levels.

You collected 115 gold pieces.

Inventory:

Missiles
 o - a throwing net
Jewellery
 m - a ring of wizardry (left tentacle)
Talismans
 b - a beast talisman
 c - a flux talisman
Wands
 j - a wand of roots (4)
Scrolls
 d - 2 scrolls of enchant weapon
 f - 3 scrolls of identify
 g - a scroll of amnesia
 k - a scroll of vulnerability
Potions
 a - a potion of lignification


   Skills:
 * Level 2.1 Fighting
 * Level 2.9 Dodging
 + Level 1.6 Stealth
 * Level 3.7 Unarmed Combat
 + Level 0.9 Spellcasting
 + Level 0.7 Evocations
 * Level 3.4 Shapeshifting


You had 5 spell levels left.
You didn't know any spells.
Your spell library contained the following spells:

 Spells                   Type           Power      Damage    Failure   Level
 Summon Ice Beast         Ice/Summ       0%         N/A       73%         4
 Summon Mana Viper        Hex/Summ       0%         N/A       96%         5
 Monstrous Menagerie      Summ           0%         N/A       100%        7


Dungeon Overview and Level Annotations

Branches:
Dungeon (3/15)

Altars:
Cheibriados


Innate Abilities, Weirdness & Mutations

You are a hulking beast.
Your limbs bulge with bestial killing power. (Slay +1)
You cannot wear most types of armour.
You are amphibious.
You can wear up to eight rings at the same time.
Your skin changes colour to match your surroundings (Stealth+).
Your rubbery body absorbs attacks. (AC +1, EV +1)
((You are camouflaged when in or above water. (Stealth+)))
You have tentacles for arms and can constrict up to eight enemies at once.


Message History

You tentacle-slap the orc priest.
The orc priest is lightly wounded.
You constrict the orc priest, but do no damage.
The orc priest hits you with a +0 club.
You tentacle-slap the orc priest.
The orc priest is moderately wounded.
You constrict the orc priest. You bludgeon the orc priest!
You squeeze the orc priest, but do no damage.
The orc priest is severely wounded.
You constrict the orc priest. The orc priest hits you with a +0 club.
* * * LOW HITPOINT WARNING * * *
It was a potion of curing.
You feel better.
You constrict the orc priest. You tentacle-slap the orc priest.
You kill the orc priest!
You have reached level 5!
You feel stronger.
You barely miss something.
Your tentacle-slap misses something.
Your squeeze misses something.
You hear some strange, mumbled words.
Something tries to affect you, but you resist.
You tentacle-slap something. Your squeeze misses something. Something hits you.
You miss something.
Your tentacle-slap misses something.
Something barely misses you.
You barely miss something. Your squeeze misses something.
You hear some strange, mumbled words.
A puff of flame appears from out of thin air!
The puff of flame hits you!
You closely miss something. Your squeeze misses something.
You hear some strange, mumbled words.
A magic dart appears from out of thin air!
The magic dart hits you.
* * * LOW HITPOINT WARNING * * *
You miss something. Something hits you.
* * * LOW HITPOINT WARNING * * *
It was a potion of magic.
Magic courses through your body.
You hear some strange, mumbled words.
A magic dart appears from out of thin air!
The magic dart hits you.
You die...

......# #####.# .......
#.####.# .......
#####...#..# .......
..........# .......
###......## ....... #
#.....## g......
###.....# ######{o.....
......######....h###...
........................
##.....#####......##....
######## ##.....# ..
....( ............#
##### #######.....#
(...).# .......#
#.%.....#


You could see an orc and a hobgoblin.

Vanquished Creatures
  2 orc priests (D:3)
  An adder (D:3)
  2 worms
  A dart slug (D:2)
  An orc (D:3)
  4 bats
  7 endoplasms
  5 hobgoblins
  10 jackals
  6 ball pythons
  3 frilled lizards
  2 kobolds
  6 rats
50 creatures vanquished.

Notes
Turn   | Place    | Note
-------+----------+-------------------------------------------
     0 | D:1      | timneilson the Octopode Shapeshifter began the quest for
                  | the Orb.
     0 | D:1      | Reached XP level 1. HP: 13/13 MP: 1/1
   203 | D:1      | Reached XP level 2. HP: 18/18 MP: 2/2
   487 | D:1      | Reached XP level 3. HP: 19/23 MP: 3/3
   886 | D:2      | Reached skill level 1 in Stealth
   984 | D:2      | You fall into a shaft and drop 1 floor!
   984 | D:3      | Found a snail-covered altar of Cheibriados.
  1111 | D:3      | Found a faded altar of an unknown god.
  1605 | D:2      | Reached XP level 4. HP: 25/29 MP: 4/4
  2274 | D:3      | Reached XP level 5. HP: 21/34 MP: 6/6
  2280 | D:3      | Killed from afar by an orc wizard

Illustrated notes

Levels and vault maps discovered:
D:1:      minmay_arrival_five_plusses, layout_loops_ring, minmay_fountain_box
D:2:      layout_basic, interstate_on_off, kennysheep_generic_room_3
D:3:      layout_basic, nicolae_overflow_crystal_walls,
          shapermc_ecumenical_altar_flowoftime

Skill      XL: |  1  2  3  4 |
---------------+-------------+-----
Stealth        | 1 |  1.6
Fighting       | 2 |  2.1
Dodging        | |  2.9
Unarmed Combat | |  3.7
Spellcasting   | |  0.9
Evocations     | |  0.7
Shapeshifting  | |  3.4

Action                     |  1- 3 |  4- 6 || total
---------------------------+-------+-------++-------
  Melee: Unarmed           |    76 |    36 ||   112
         Constrict         |    19 |     5 ||    24
         Tentacles         |    20 |     5 ||    25
         Punch             |     4 |     1 ||     5
    Use: Scroll            |     4 |     4 ||     8
         Potion            |       |     2 ||     2
   Stab: Sleeping          |    12 |     1 ||    13
 Armour: Skin              |    22 |    17 ||    39
  Dodge: Dodged            |    39 |     9 ||    48

Table legend: (Time is in decaauts)
 A = Elapsed time spent in this place.
 B = Non-inter-level travel time spent in this place.
 C = Inter-level travel time spent in this place.
 D = Time resting spent in this place.
 E = Time spent auto-exploring this place.
 F = Levels seen in this place.
 G = Mean time per level.
                   A        B        C        D        E       F      G
               +--------+--------+--------+--------+--------+-----+--------+
         Total |   2270 |   2234 |     36 |     86 |   1772 |   3 |  756.7 |
       Dungeon |   2270 |   2234 |     36 |     86 |   1772 |   3 |  756.7 |
               +--------+--------+--------+--------+--------+-----+--------+

Top non-repeatable levels by time:
     D:2: 970 daAuts
     D:1: 797 daAuts
     D:3: 502 daAuts
